 Dungeon Crawl Stone Soup version 0.17.2-1-ge4368a0 (webtiles) character file.

235 Goblin1989 the Scratcher (level 5, -3/25 HPs)
             Began as a Felid Monk on Aug 7, 2018.
             Was a Priest of Dithmenos.
             Slain by a phantom (8 damage)
             ... on level 4 of the Dungeon.
             The game lasted 00:06:01 (2874 turns).

Goblin1989 the Scratcher (Felid Monk)               Turns: 2874, Time: 00:06:01

Health: -3/25      AC:  2    Str:  7    XL:     5   Next: 76%
Magic:  6/6        EV: 22    Int: 12    God:    Dithmenos [***...]
Gold:   191        SH:  0    Dex: 20    Spells: 0 memorised, 4 levels left
                                        Lives:  0   Deaths: 1

rFire  . . .     SeeInvis +       - Unarmed
rCold  + . .     Clarity  .     (armour unavailable)
rNeg   . . .     SustAt   .     (shield unavailable)
rPois  .         Gourm    .     (helmet unavailable)
rElec  .         Spirit   .     (cloak unavailable)
rCorr  .         Warding  .     (gloves unavailable)
rMut   .         Stasis   .     (boots unavailable)
MR     .....                    l - amulet of faith {!P}
Stlth  +++++.....               (no ring)
                                c - ring of protection from cold

@: wreathed by umbra, quick, not resistant to hostile enchantments, quite
stealthy
A: no armour, no weapons or thrown items, claws 1, fangs 3, see invisible,
carnivore 3, speed 1, shaggy fur 2, slow metabolism 1, sharp paws
a: Shadow Step, Renounce Religion


You were on level 4 of the Dungeon.
You worshipped Dithmenos.
Dithmenos was most pleased with you.
You were not hungry.

You visited 1 branch of the dungeon, and saw 4 of its levels.

You collected 191 gold pieces.

Inventory:

Jewellery
 c - a ring of protection from cold (left paw)
 g - an uncursed amulet of resist corrosion
 l - an amulet of faith (around neck) {!P}
 m - an uncursed ring of fire
Scrolls
 b - a scroll of amnesia {unknown}
 d - 4 scrolls of identify {unknown}
 e - 2 scrolls of fog {unknown}
 i - 8 scrolls of remove curse {unknown}
 n - a scroll of noise {unknown}
 o - a scroll of recharging {unknown}
 p - a scroll of immolation {unknown}
Potions
 f - 2 potions of magic {unknown}
 h - 2 potions of brilliance {unknown}
 j - 2 potions of agility {unknown}
 k - a potion of poison {unknown}
Comestibles
 a - 2 meat rations {@e2}


   Skills:
 + Level 4.2 Fighting
 + Level 5.6 Dodging
 + Level 4.9 Stealth
 * Level 5.7 Unarmed Combat


You had 4 spell levels left.
You didn't know any spells.

Dungeon Overview and Level Annotations

Branches:
Dungeon (4/15)             Temple (0/1) D:4

Altars:
Ashenzari
Dithmenos


Innate Abilities, Weirdness & Mutations

You cannot wear armour.
You are incapable of wielding weapons or throwing items.
You have sharp claws.
You have razor-sharp teeth.
You have supernaturally acute eyesight.
You are carnivorous and can eat meat at any time.
You cover ground quickly.
You are covered in thick fur (AC +2).
You have a slow metabolism.
Your sharp claws are effective at attacking unaware monsters.


Message History

You open the door.
There is an open door here.
You open the door.
There is an open door here.
There is an open door here.
There is an open door here.
There is an open door here.
There is an open door here.
There is an open door here.
An adder comes into view.
You regained 4 hp, and now have 22/25 hp.
The phantom blinks!
You barely miss the adder. You bite the adder.
The adder is moderately wounded.
The adder completely misses you. x2
You closely miss the adder.
The adder is moderately wounded.
The adder bites you.
You take 3 damage, and have 20/25 hp.
You closely miss the adder.
The adder is moderately wounded.
The adder closely misses you.
You scratch the adder. You bite the adder.
The adder is almost dead.
The phantom completely misses you. The adder misses you.
You closely miss the adder.
The adder is almost dead.
The adder misses you.
The phantom blinks!
You barely miss the adder. You bite the adder.
You kill the adder!
Dithmenos accepts your kill.
The phantom blinks!
The phantom barely misses you.
You barely miss the phantom. The phantom misses you.
You scratch the phantom. You bite the phantom.
The phantom is lightly damaged.
The phantom blinks!
You barely miss the phantom. You bite the phantom, but do no damage.
The phantom is lightly damaged.
You closely miss the phantom.
The phantom is lightly damaged.
The phantom hits you.
You take 6 damage, and have 15/25 hp.
O_OOPS!!
MASSIVE DAMAGE!!
You are too injured to fight recklessly!
You are too injured to fight recklessly!
You are too injured to fight recklessly!
You are too injured to fight recklessly!
You are too injured to fight recklessly!
You are too injured to fight recklessly!
You are too injured to fight recklessly!
You are too injured to fight recklessly!
You are too injured to fight recklessly!
You are too injured to fight recklessly!
You are too injured to fight recklessly!
You are too injured to fight recklessly!
You are too injured to fight recklessly!
You are too injured to fight recklessly!
You are too injured to fight recklessly!
You are too injured to fight recklessly!
You are too injured to fight recklessly!
You are too injured to fight recklessly!
You are too injured to fight recklessly!
You are too injured to fight recklessly!
You are too injured to fight recklessly!
You are too injured to fight recklessly!
You are too injured to fight recklessly!
You are too injured to fight recklessly!
You are too injured to fight recklessly!
You are too injured to fight recklessly!
You are too injured to fight recklessly!
You are too injured to fight recklessly!
You are too injured to fight recklessly!
You barely miss the phantom.
The phantom is lightly damaged.
The phantom barely misses you.
You scratch the phantom.
The phantom is moderately damaged.
The phantom blinks!
The phantom hits you!
* * * LOW HITPOINT WARNING * * *
The phantom blinks!
You take 7 damage, and have 8/25 hp.
O_OOPS!!
MASSIVE DAMAGE!!
You closely miss the phantom. You claw the phantom, but do no damage.
The phantom is lightly damaged.
The phantom hits you.
* * * LOW HITPOINT WARNING * * *
The phantom blinks!
You take 4 damage, and have 4/25 hp.
You completely miss the phantom.
The phantom is lightly damaged.
The phantom completely misses you.
The orc wizard shouts!
You claw the phantom!
The phantom is moderately damaged.
The phantom closely misses you.
You scratch the phantom but do no damage.
You claw the phantom.
The phantom is moderately damaged.
The phantom hits you!
You die... ████ ...█ ██████████ ...█ █......... ...█ █......... .oo█ █████████ █..█..███. .oooo. █.......█ █████████. ...... █.......█ █....... ..... █.......█ █....... ..>.. ███....@..██████████████ ███████

.......W.██.██..███..... ...█..█
.........█........█..... ...▲..█
..o......█........∆..... .███..█
......†..██████████.....
.███..████████...................
.............█..............█∆███
.............█..............█....
.............█..............█....


You could see a phantom and an orc wizard.

Vanquished Creatures
  A phantom (D:4)
  An ogre (D:4)
  A centaur skeleton (D:4)
  A hound (D:4)
  Terence (D:3)
  5 adders
  5 worms
  5 giant geckos (D:1)
  2 orcs (D:4)
  4 giant cockroaches
  6 hobgoblins
  6 jackals
  A quokka (D:3)
  2 ball pythons (D:3)
  4 bats
  4 giant newts
  9 goblins
  8 kobolds
  8 rats
74 creatures vanquished.

Notes
Turn   | Place    | Note
--------------------------------------------------------------
     0 | D:1      | Goblin1989 the Felid Monk began the quest for the Orb.
     0 | D:1      | Reached XP level 1. HP: 10/10 MP: 2/2
   176 | D:1      | Reached XP level 2. HP: 14/14 MP: 3/3
   752 | D:2      | Found a shadowy altar of Dithmenos.
   766 | D:2      | Reached XP level 3. HP: 13/17 MP: 4/4
   773 | D:2      | Became a worshipper of Dithmenos the Shadowed
   773 | D:2      | Reached * piety under Dithmenos
   773 | D:2      | Reached ** piety under Dithmenos
  1365 | D:2      | Reached XP level 4. HP: 21/21 MP: 5/5
  1984 | D:3      | Noticed Terence
  1986 | D:3      | Killed Terence
  2247 | D:4      | Noticed an ogre
  2249 | D:4      | Killed an ogre
  2249 | D:4      | Reached *** piety under Dithmenos
  2249 | D:4      | Reached skill level 5 in Dodging
  2249 | D:4      | Reached skill level 5 in Unarmed Combat
  2249 | D:4      | Reached XP level 5. HP: 23/25 MP: 6/6
  2276 | D:4      | Found a staircase to the Ecumenical Temple.
  2419 | D:4      | Gained mutation: You are covered in thick fur (AC +2). [Felid growth]
  2419 | D:4      | Reached XP level 6. HP: 28/28 MP: 7/7
  2477 | D:4      | Found a shattered altar of Ashenzari.
  2618 | D:4      | Noticed a phantom
  2685 | D:4      | Slain by an orc
  2686 | D:4      | Reached XP level 5. HP: -4/25 MP: 6/6
  2731 | D:4      | Noticed a phantom
  2773 | D:4      | Killed a phantom
  2874 | D:4      | Slain by a phantom

Action                   |  1- 3 |  4- 6 || total
-------------------------+-------+-------++-------
Melee: Unarmed           |    84 |   102 ||   186
 Stab: Sleeping          |     8 |    16 ||    24
       Distracted        |     2 |     1 ||     3
  Eat: Chunk             |     8 |     2 ||    10

Vault maps used:
D:1:      saegor_arrival_simple_e, nrook_loot_triangle
D:2:      nicolae_dithmenos_shadow_blocks
D:3:      first_bread, uniq_terence
D:4:      cheibrodos_ashenzari_chains, minmay_temple_entry_glassed_door
